 Dungeon Crawl Stone Soup version 0.21.1-1-g345015fe64 (webtiles) character file.

9073 Lentor the Cleaver (level 11, 0/99 HPs)
             Began as a Minotaur Berserker on June 23, 2018.
             Was a High Priest of Trog.
             Slain by a gargoyle
             ... wielding a +2 flail of holy wrath
              (11 damage)
             ... in a volcano.
             The game lasted 00:18:38 (8917 turns).

Lentor the Cleaver (Minotaur Berserker)             Turns: 8917, Time: 00:18:38

Health: 0/99       AC: 22    Str: 26    XL:     11   Next: 18%
Magic:  10/10      EV:  9    Int:  9    God:    Trog [*****.]
Gold:   727        SH:  5    Dex: 11    Spells: 10/10 levels left

rFire    . . .     SeeInvis .   u - +4 war axe
rCold    . . .     Gourm    .   (no shield)
rNeg     + . .     Faith    .   v - +4 plate armour of the Good {Int+7}
rPois    .         Spirit   .   (helmet restricted)
rElec    .         Reflect  +   j - +2 cloak
rCorr    +         Harm     .   (no gloves)
MR       .....                  (no boots)
Stlth    ..........             F - +5 amulet of reflection
HPRegen  0.26/turn              b - ring of positive energy
MPRegen  0.12/turn              o - ring of resist corrosion

@: berserk cooldown, slowed, very slow
A: retaliatory headbutt, horns 2, agile 1, dopey 1
a: Berserk, Trog's Hand, Brothers in Arms, Burn Spellbooks, Renounce Religion


You were in a volcano.
You worshipped Trog.
Trog was extremely pleased with you.
You were not hungry.

You visited 3 branches of the dungeon, and saw 13 of its levels.
You also visited: Volcano.

You collected 727 gold pieces.

Inventory:

Hand Weapons
 u - a +4 war axe (weapon)
Armour
 j - a +2 cloak (worn)
 v - the +4 plate armour of the Good (worn) {Int+7}
   (You found it on level 4 of the Dungeon)

   It affects your intelligence (+7).
 A - a +2 scale mail of poison resistance
Jewellery
 b - a ring of positive energy (left hand)
 o - a ring of resist corrosion (right hand)
 s - a +3 ring of dexterity
 F - a +5 amulet of reflection (around neck)
Wands
 B - a wand of iceblast (10)
 C - a wand of paralysis (8)
 J - a wand of random effects (29)
Scrolls
 a - a scroll of identify
 e - 3 scrolls of fog
 h - 2 scrolls of fear
 k - 8 scrolls of teleportation
 m - 2 scrolls of remove curse
 x - a scroll of enchant armour
 E - 3 scrolls of magic mapping
 H - 3 scrolls of blinking
Potions
 f - 3 potions of curing
 g - a potion of lignification
 i - 5 potions of brilliance
 l - a potion of magic
 p - 2 potions of heal wounds
 q - 7 potions of haste
 t - a potion of ambrosia
 z - a potion of cancellation
 D - 3 potions of flight {unknown}
 G - a potion of agility {unknown}
 K - a potion of might
 M - 2 potions of berserk rage {unknown}
 N - 2 potions of resistance {unknown}
Books
 y - a book of Geomancy

   Spells                             Type                      Level
   a - Sandblast                      Earth                        1
   b - Passwall                       Transmutation/Earth          2
   c - Stone Arrow                    Conjuration/Earth            3
   d - Petrify                        Transmutation/Earth          4
   e - Lee's Rapid Deconstruction     Earth                        5
   Trog disapproves of the use of such an item.
 I - a book of Air

   Spells                             Type                      Level
   a - Shock                          Conjuration/Air              1
   b - Swiftness                      Charms/Air                   2
   c - Static Discharge               Conjuration/Air              3
   d - Airstrike                      Air                          4
   e - Lightning Bolt                 Conjuration/Air              5
   Trog disapproves of the use of such an item.
 L - a book of Callings

   Spells                             Type                      Level
   a - Summon Small Mammal            Summoning                    1
   b - Call Imp                       Summoning                    2
   c - Call Canine Familiar           Summoning                    3
   d - Summon Guardian Golem          Hexes/Summoning              3
   e - Summon Lightning Spire         Summoning/Air                4
   f - Summon Ice Beast               Ice/Summoning                4
   Trog disapproves of the use of such an item.
Comestibles
 c - 9 rations


   Skills:
 + Level 9.9 Fighting
 + Level 14.2 Axes
 + Level 11.5 Armour
 + Level 3.8 Dodging


You had 10 spell levels left.
You didn't know any spells.

Dungeon Overview and Level Annotations

Branches:
Dungeon (11/15)            Temple (1/1) D:4            Lair (1/6) D:8
    Orc (0/2) D:10

Altars:
Ashenzari
Cheibriados
Dithmenos
Elyvilon
Fedhas
Gozag
Hepliaklqana
Kikubaaqudgha
Makhleb
Nemelex Xobeh
Okawaru
Qazlal
Ru
Sif Muna
Trog
Uskayaw
Vehumet
Wu Jian
Xom
Yredelemnul
Zin
The Shining One
Beogh

Shops:
D:8 !

Annotations:
D:5 1 runed door
D:10 2 transporters


Innate Abilities, Weirdness & Mutations

You reflexively headbutt those who attack you in melee.
You have a pair of horns on your head.
You are agile. (Dex +2)
You are dopey. (Int -2)


Message History

The stone giant is almost dead.
The stone giant hits you!!
* * * LOW HITPOINT WARNING * * *
Unknown command.
A red film seems to cover your vision as you go berserk!
You feel yourself moving faster!
You feel mighty!
You feel a lot more hungry. The stone giant hits you.
* * * LOW HITPOINT WARNING * * *
You slice the stone giant!!
You kill the stone giant!
Trog accepts your kill.
You start resting.
You feel a strong urge to attack something.
You are too berserk!
You see here a flail of draining.
You feel your anger nearly subside.
You are no longer berserk.
You are exhausted.
You feel yourself slow down.
The gargoyle hits you with a flail of holy wrath!
You die...

## §## ###§§# ##≈≈≈§##
##≈≈§§§§## #≈≈≈[§≈≈≈
#!$9§§## ##@[.§# #)#∩#!#
##.### ########
##.#.#######..##..##
...§.......##..##..)..##
§§§§≈§.......#####∩...§#
≈§§≈≈§§≈....### #≈≈..§≈
§§≈≈§§≈§≈≈....# ##≈≈§≈≈
§§≈§§≈≈§§.§..## ##§≈≈#


You could see a gargoyle.

Vanquished Creatures
  A stone giant (Volcano)
  Erica (D:8)
  Urug (D:10)
  2 gargoyles (Volcano)
  2 trolls (D:11)
  3 hippogriffs
  3 yaks (D:11)
  A wyvern (D:11)
  The ghost of Hatywr the Skirmisher, an amateur HOFi (D:6)
  A soldier ant (D:5)
  3 orc warriors
  A phantom (D:9)
  5 ice beasts
  3 black bears
  2 sky beasts
  A necrophage (D:7)
  4 ogres
  2 centaurs
  A big kobold (D:10)
  Blork the orc (D:5)
  3 bullfrogs
  A wyvern skeleton (D:11)
  A wyvern zombie (D:6)
  2 scorpions
  4 killer bees
  4 howler monkeys
  A centaur zombie (D:10)
  9 crimson imps
  A bullfrog zombie (D:7)
  5 hounds
  3 jellies
  6 orc priests
  Ijyb (D:4)
  An iguana (D:5)
  10 orc wizards
  10 worker ants
  Natasha (twice) (D:2)
  A howler monkey zombie (D:11)
  A howler monkey skeleton (D:4)
  8 adders
  7 shadow imps
  An ooze (D:1)
  An adder skeleton (D:9)
  3 dart slugs
  2 worms (D:3)
  6 leopard geckos
  25 orcs
  9 giant cockroaches
  9 goblins
  9 hobgoblins
  2 jackals (D:1)
  8 quokkas
  3 ball pythons
  6 bats
  4 frilled lizards
  A jackal skeleton (D:6)
  9 kobolds
  A quokka zombie (D:5)
  8 rats
  A butterfly (D:5)
228 creatures vanquished.

Notes
Turn   | Place    | Note
-------+----------+-------------------------------------------
     0 | D:1      | Lentor the Minotaur Berserker began the quest for the Orb.
     0 | D:1      | Reached XP level 1. HP: 19/19 MP: 0/0
    65 | D:1      | Reached XP level 2. HP: 20/27 MP: 1/1
    70 | D:1      | Reached skill level 4 in Axes
   379 | D:1      | Reached XP level 3. HP: 27/33 MP: 2/2
   511 | D:1      | Reached ** piety under Trog
  1048 | D:2      | Noticed Natasha
  1056 | D:2      | Killed Natasha
  1056 | D:2      | Reached XP level 4. HP: 35/41 MP: 3/3
  1104 | D:2      | Found an iron altar of Okawaru.
  1241 | D:2      | Noticed Natasha
  1246 | D:2      | Killed Natasha
  1246 | D:2      | Reached skill level 5 in Axes
  1536 | D:3      | Reached XP level 5. HP: 45/47 MP: 4/4
  1601 | D:3      | Reached *** piety under Trog
  1747 | D:3      | Found a hazy altar of Hepliaklqana.
  1750 | D:3      | Found a deep blue altar of Sif Muna.
  1753 | D:3      | Found a shadowy altar of Dithmenos.
  2105 | D:4      | Got an encrusted plate armour
  2116 | D:4      | Identified the +4 plate armour of the Good {Int+7} (You found it on level 4 of the Dungeon)
  2252 | D:4      | Found a staircase to the Ecumenical Temple.
  2260 | D:4      | Reached skill level 5 in Fighting
  2260 | D:4      | Reached skill level 6 in Axes
  2266 | Temple   | Entered the Ecumenical Temple
  2500 | D:4      | Found a shimmering altar of Xom.
  2528 | D:4      | Reached XP level 6. HP: 56/56 MP: 5/5
  2600 | D:4      | Noticed Ijyb
  2605 | D:4      | Paralysed by Ijyb for 4 turns
  2612 | D:4      | Killed Ijyb
  2899 | D:5      | Entered Level 5 of the Dungeon
  2984 | D:5      | Noticed Blork the orc
  2999 | D:5      | Killed Blork the orc
  2999 | D:5      | Reached skill level 7 in Axes
  2999 | D:5      | Reached skill level 5 in Armour
  2999 | D:5      | Reached XP level 7. HP: 47/61 MP: 6/6
  3106 | D:5      | Found a runed door.
  3119 | D:5      | Found a runed door.
  3143 | D:5      | Reached **** piety under Trog
  3163 | D:5      | Reached skill level 8 in Axes
  3979 | D:6      | Reached XP level 8. HP: 62/70 MP: 7/7
  4316 | D:6      | Noticed Hatywr's ghost (amateur HOFi)
  4317 | D:6      | Found a shattered altar of Ashenzari.
  4328 | D:6      | Killed Hatywr's ghost
  4328 | D:6      | Reached skill level 9 in Axes
  4606 | D:7      | Reached skill level 10 in Axes
  5282 | D:8      | Noticed a hippogriff
  5290 | D:8      | Killed a hippogriff
  5290 | D:8      | Reached XP level 9. HP: 51/78 MP: 8/8
  5500 | D:8      | Found Rehuyr's Distillery.
  5506 | D:8      | Reached ***** piety under Trog
  5576 | D:8      | Noticed Erica
  5577 | D:8      | Found a staircase to the Lair.
  5601 | D:8      | Killed Erica
  5601 | D:8      | Reached skill level 11 in Axes
  6173 | D:9      | Reached skill level 12 in Axes
  6189 | D:9      | Found an ancient bone altar of Kikubaaqudgha.
  6190 | D:9      | Found a blossoming altar of Fedhas.
  6238 | D:9      | Reached skill level 10 in Armour
  6496 | D:9      | Reached XP level 10. HP: 70/88 MP: 9/9
  6862 | D:10     | Entered Level 10 of the Dungeon
  6914 | D:10     | Found a transporter.
  6925 | D:10     | Noticed a deep elf knight
  6935 | D:10     | Found a transporter.
  7026 | D:10     | Found a staircase to the Orcish Mines.
  7048 | D:10     | Found a roughly hewn altar of Beogh.
  7324 | D:10     | Noticed Urug
  7345 | D:10     | Killed Urug
  7345 | D:10     | Reached skill level 13 in Axes
  8079 | D:11     | Received a gift from Trog
  8622 | D:11     | Identified a scroll of acquirement
  8635 | D:11     | Gained mutation: You are dopey. (Int -2) [potion of mutation]
  8635 | D:11     | Gained mutation: You are agile. (Dex +2) [potion of mutation]
  8725 | Lair:1   | Entered Level 1 of the Lair of Beasts
  8806 | Lair:1   | Found a dark tunnel.
  8811 | Volcano  | Entered a volcano
  8830 | Volcano  | Noticed a gargoyle
  8839 | Volcano  | Killed a gargoyle
  8839 | Volcano  | Reached XP level 11. HP: 84/97 MP: 10/10
  8905 | Volcano  | Noticed a stone giant
  8906 | Volcano  | Reached skill level 14 in Axes
  8913 | Volcano  | Killed a stone giant
  8917 | Volcano  | Slain by a gargoyle

Skill      XL: |  1  2  3  4  5  6  7  8  9 10 11 |
---------------+----------------------------------+-----
Axes           | 4 5 6 7 8 10 12 13 14 | 14.2
Fighting       | 4 5 6 7 9 |  9.9
Armour         | 3 4 5 6 8 10 11 | 11.5
Dodging        | 3 |  3.8

Action                   |  1- 3 |  4- 6 |  7- 9 | 10-12 || total
-------------------------+-------+-------+-------+-------++-------
Melee: Hand axe          |    86 |   105 |   361 |       ||   552
       Headbutt          |    13 |    22 |    76 |    43 ||   154
       War axe           |       |       |     7 |   193 ||   200
Invok: Berserk           |       |     1 |     3 |     4 ||     8
  Use: Potion            |       |     1 |       |     1 ||     2
       Scroll            |       |       |    16 |    11 ||    27
  Eat: Chunk             |       |     7 |     8 |     5 ||    20
       Ration            |       |       |     2 |     2 ||     4
Armor: Animal skin       |     1 |       |       |       ||     1
       Ring mail         |    25 |    14 |       |       ||    39
       Plate armour      |       |    27 |   191 |   118 ||   336
Dodge: Dodged            |    55 |    52 |   108 |    59 ||   274
Block: Other             |       |       |    61 |    26 ||    87
       Reflection        |       |       |     1 |     3 ||     4
